 Dungeon Crawl Stone Soup version 0.26.1-2-gb8aa6d0cf2 (webtiles) character file.

Game seed: 10424279333082433304

6013 AuftragZ the Thaumaturge (level 10, -3/71 HPs)
             Began as a Green Draconian Conjurer on Feb 23, 2021.
             Was a Priest of Cheibriados.
             Slain by Maggie
             ... wielding a +1 war axe of flaming
              (15 damage)
             ... on level 8 of the Dungeon on Mar 26, 2021.
             The game lasted 00:56:13 (9927 turns).

AuftragZ the Thaumaturge (Green Draconian Conjurer) Turns: 9927, Time: 00:56:14

Health: -3/71      AC:  7    Str: 18    XL:     10   Next: 56%
Magic:  9/33       EV: 17    Int: 29    God:    Cheibriados [***...]
Gold:   352        SH:  0    Dex: 18    Spells: 19/29 levels left

rFire    . . .     SeeInvis .   c - +0 hand axe
rCold    + . .     Faith    .   (no shield)
rNeg     . . .     Spirit   .   (armour unavailable)
rPois    +         Reflect  .   (helmet restricted)
rElec    .         Harm     .   (no cloak)
rCorr    .         Rampage  .   (no gloves)
Will     .....                  (no boots)
Stlth    ++........             (no amulet)
HPRegen  0.21/turn              g - ring of magical power
MPRegen  0.23/turn              f - ring of protection from cold

@: mesmerised, very slow
A: breathe noxious fumes, unfitting armour, poison resistance, cold-blooded, AC
+7
a: Breathe Noxious Fumes, Renounce Religion, Bend Time, Temporal Distortion


You were on level 8 of the Dungeon.
You worshipped Cheibriados.
Cheibriados was most pleased with you.
You visited 2 branches of the dungeon, and saw 9 of its levels.

You collected 442 gold pieces.
You spent 90 gold pieces at shops.

Inventory:

Hand Weapons
 c - a +0 hand axe (weapon)
 r - a +0 vorpal dire flail
Missiles
 l - 3 poisoned darts (quivered)
Magical Staves
 b - an uncursed staff of earth
Jewellery
 f - a ring of protection from cold (right hand)
 g - a ring of magical power (left hand)
 m - an uncursed ring of positive energy
 u - an uncursed amulet of regeneration {unknown}
Wands
 s - a wand of disintegration (7)
Scrolls
 a - 3 scrolls of teleportation
 d - 2 scrolls of amnesia
 e - 7 scrolls of remove curse
 h - a scroll of fog {unknown}
 i - 2 scrolls of fear
 j - 3 scrolls of identify
 k - a scroll of enchant armour
 o - 3 scrolls of magic mapping
 q - a scroll of enchant weapon
 v - a scroll of blinking {unknown}
Potions
 n - a potion of curing
 p - a potion of invisibility
 t - a potion of mutation {unknown}


   Skills:
 - Level 1.0 Fighting
 - Level 1.1 Short Blades
 - Level 0.9 Axes
 - Level 0.3 Throwing
 + Level 7.0 Dodging
 - Level 2.5 Stealth
 - Level 0.2 Unarmed Combat
 * Level 10.3 Spellcasting
 + Level 9.3 Conjurations


You had 19 spell levels left.
You knew the following spells:

 Your Spells              Type           Power        Failure   Level
a - Magic Dart            Conj           100%         1%          1
b - Searing Ray           Conj           100%         1%          2
c - Dazzling Flash        Conj/Hex       84%          1%          3
d - Iskenderun's Mystic   Conj/Tloc      42%          5%          4

Your spell library contained the following spells:

 Spells                   Type           Power        Failure   Level
 Animate Skeleton         Necr           28%          3%          1
 Apportation              Tloc           28%          3%          1
 Corona                   Hex            15%          3%          1
 Summon Small Mammal      Summ           56%          3%          1
 Ensorcelled Hibernation  Hex/Ice        28%          5%          2
 Fulminant Prism          Conj/Hex       21%          5%          4
 Confusing Touch          Hex            14%          11%         3
 Tukima's Dance           Hex            14%          11%         3


Dungeon Overview and Level Annotations

Branches:
Dungeon (8/15)             Temple (1/1) D:5            Lair (0/6) D:8

Altars:
Ashenzari
Cheibriados
Dithmenos
Elyvilon
Fedhas
Gozag
Hepliaklqana
Kikubaaqudgha
Makhleb
Nemelex Xobeh
Okawaru
Qazlal
Ru
Trog
Uskayaw
Vehumet
Wu Jian
Xom
Yredelemnul
Zin
The Shining One

Shops:
D:5 ?

Annotations:
D:8 Maggie


Innate Abilities, Weirdness & Mutations

You can breathe blasts of noxious fumes.
Your lurid green scales are hard. (AC +7)
You cannot fit into any form of body armour.
Your system is resistant to poisons. (rPois)
You are cold-blooded and may be slowed by cold attacks.


Message History

Aiming: Searing Ray (safe; 1% risk of failure)
Press: ? - help, Shift-Dir - straight line (Press . to maintain the ray.)
Something hits you! Something burns you. Something hits you!
* * * LOW HITPOINT WARNING * * *
Something burns you.
* * * LOW HITPOINT WARNING * * *
You feel better.
Casting: Searing Ray (safe; 1% risk of failure)
Confirm with . or Enter, or press ? or * to list all spells.
You can't see any susceptible monsters within range! (Use Z to cast anyway.)
You miss something. Something hits you but does no damage.
Something barely misses you.
You closely miss something. Something hits you.
* * * LOW HITPOINT WARNING * * *
Something burns you.
* * * LOW HITPOINT WARNING * * *
You hit something.
Your tail-slap misses something.
Something hits you!
You die...

.## #..#.##.#
..####..#.##.## .(
..............## @
...............### (#
#.####...........# .#
#.# #.....#.....# ..#
#.# #.....#.....##.#
#.####.......#####..#
...........#...#@{)#
########.#.##..#.###
#.#.##...)#
#.#.##.#.##
######.#.##.....
#......#......###
#.############# #.#
#.#


There were no monsters in sight!

Vanquished Creatures
  A two-headed ogre (D:8)
  Pikel (D:8)
  Joseph (D:7)
  Prince Ribbit (D:8)
  Grinder (D:5)
  4 yaks (D:8)
  2 basilisks (D:8)
  2 wyverns (D:8)
  Edmund (D:6)
  4 water moccasins (D:8)
  An orc warrior (D:6)
  2 sky beasts (D:7)
  An ice beast (D:6)
  A phantom (D:5)
  5 ogres (D:7)
  4 lemures (D:8)
  A bullfrog (D:6)
  2 scorpions
  5 wights (D:6)
  6 howler monkeys
  4 bullfrog skeletons
  2 hounds
  3 centaur skeletons
  8 orc priests
  3 orc wizards (D:4)
  An iguana (D:8)
  4 worker ants
  A killer bee zombie (D:6)
  A hound zombie (D:7)
  2 worker ant zombies (D:6)
  9 adders
  2 white imps
  An ufetubus (D:5)
  3 oozes
  2 adder zombies (D:7)
  4 worms
  4 leopard geckos
  25 orcs
  2 ball pythons
  8 giant cockroaches
  8 goblins
  9 hobgoblins
  6 jackals
  3 quokkas
  7 bats
  3 frilled lizards
  10 kobolds
  9 rats
190 creatures vanquished.

Vanquished Creatures (others)
  A fungus (D:8)
  8 plants (D:8)
9 creatures vanquished.

Grand Total: 199 creatures vanquished

Notes
Turn   | Place    | Note
-------+----------+-------------------------------------------
     0 | D:1      | AuftragZ the Draconian Conjurer began the quest for the
                  | Orb.
     0 | D:1      | Reached XP level 1. HP: 14/14 MP: 3/3
   191 | D:1      | Reached XP level 2. HP: 20/20 MP: 0/5
   760 | D:1      | Reached XP level 3. HP: 26/26 MP: 3/6
  1206 | D:2      | Learned a level 2 spell: Searing Ray
  1355 | D:2      | Reached skill level 3 in Spellcasting
  1355 | D:2      | Reached skill level 5 in Conjurations
  1355 | D:2      | Reached XP level 4. HP: 29/33 MP: 0/8
  2417 | D:3      | Found an ancient bone altar of Kikubaaqudgha.
  2472 | D:3      | Found a snail-covered altar of Cheibriados.
  2486 | D:3      | Reached XP level 5. HP: 38/38 MP: 6/9
  3459 | D:3      | Became a worshipper of Cheibriados the Contemplative
  3804 | D:4      | Reached XP level 6. HP: 27/46 MP: 3/11
  3814 | D:4      | Reached skill level 4 in Spellcasting
  4122 | D:4      | Reached skill level 1 in Short Blades
  4501 | D:4      | Reached skill level 1 in Fighting
  4635 | D:4      | Learned a level 3 spell: Dazzling Flash
  4640 | D:4      | Learned a level 4 spell: Iskenderun's Mystic Blast
  4774 | D:5      | Entered Level 5 of the Dungeon
  4814 | D:5      | Your scales start taking on a lurid green colour.
  4814 | D:5      | Reached XP level 7. HP: 52/52 MP: 13/13
  4814 | D:5      | Gained mutation: Your system is resistant to poisons.
                  | (rPois) [Green Draconian growth]
  4823 | D:5      | Reached * piety under Cheibriados
  4837 | D:5      | Noticed Grinder
  4846 | D:5      | Killed Grinder
  4847 | D:5      | Reached skill level 5 in Spellcasting
  5115 | D:5      | Found an opulent altar of Gozag.
  5171 | D:5      | Found a white marble altar of Elyvilon.
  5223 | D:5      | Found Suphumefuull's Magic Scroll Shoppe.
  5226 | D:5      | Bought a scroll of identify for 30 gold pieces
  5226 | D:5      | Bought a scroll of identify for 30 gold pieces
  5226 | D:5      | Bought a scroll of identify for 30 gold pieces
  5430 | D:5      | Found a basalt altar of Yredelemnul.
  5497 | D:5      | Found a staircase to the Ecumenical Temple.
  5508 | Temple   | Entered the Ecumenical Temple
  6223 | D:6      | Reached XP level 8. HP: 59/59 MP: 16/16
  6366 | D:6      | Reached skill level 6 in Spellcasting
  6893 | D:6      | Noticed Edmund
  6902 | D:6      | Killed Edmund
  7098 | D:6      | Reached ** piety under Cheibriados
  7203 | D:6      | Reached skill level 7 in Spellcasting
  7752 | D:7      | Reached XP level 9. HP: 64/64 MP: 15/20
  7787 | D:7      | Noticed Joseph
  7805 | D:7      | Killed Joseph
  7806 | D:7      | Reached skill level 5 in Dodging
  7909 | D:7      | Reached skill level 8 in Spellcasting
  8297 | D:7      | Reached *** piety under Cheibriados
  8962 | D:8      | Reached skill level 9 in Spellcasting
  8963 | D:8      | Noticed Prince Ribbit
  8970 | D:8      | Reached XP level 10. HP: 25/71 MP: 8/23
  9221 | D:8      | Found a staircase to the Lair.
  9228 | D:8      | Killed Prince Ribbit
  9514 | D:8      | Noticed a two-headed ogre
  9524 | D:8      | Killed a two-headed ogre
  9525 | D:8      | Reached skill level 10 in Spellcasting
  9771 | D:8      | Found a broken altar of Ashenzari.
  9899 | D:8      | Noticed Pikel
  9905 | D:8      | Noticed Maggie
  9913 | D:8      | Killed Pikel
  9927 | D:8      | Slain by Maggie

Illustrated notes

Levels and vault maps discovered:
D:1:      enne_arrival_octagon_isle, layout_rooms, minmay_pentomino_o2
D:2:      layout_loops_cross
D:3:      layout_rooms, old_standard_altar, lemuel_doored_altar
D:4:      layout_rooms
D:5:      layout_cave_pools, lemuel_crystal_altar, old_standard_altar,
          nicolae_overflow_crystal_walls, lemuel_temple_firewalk_b,
          serial_column_ruins, column_ruins_grid_4,
          column_ruins_columns_straight, column_ruins_columns_dead_end,
          column_ruins_corridor_straight, column_ruins_grid_1, serial_shops,
          kennysheep_mini_moat, uniq_grinder
D:6:      layout_basic, minmay_misc_feat_ornament, uniq_edmund
D:7:      layout_basic, uniq_joseph
D:8:      layout_loops_ring, tgw_sif, lemuel_round_altar,
          minmay_lair_entry_grove, serial_shops, shop_statue,
          ebering_ghost_inner_flame, uniq_pikel, uniq_maggie, uniq_erica,
          uniq_prince_ribbit1
Temple:   regret_index_temple_generic_petals

Skill      XL: |  1  2  3  4  5  6  7  8  9 10 |
---------------+-------------------------------+-----
Spellcasting   | 3 4 5 7 9 10 | 10.3
Conjurations   | 5 6 7 8 9 |  9.3
Dodging        | 2 3 4 6 7 |  7.0
Stealth        | 2 |  2.5
Short Blades   | 1 |  1.1
Fighting       | 1 |  1.0
Axes           | |  0.9
Throwing       | |  0.3
Unarmed Combat | |  0.2

Action                   |  1- 3 |  4- 6 |  7- 9 | 10-12 || total
-------------------------+-------+-------+-------+-------++-------
Melee: Unarmed           |     7 |       |       |       ||     7
       Hand axe          |    21 |    16 |     1 |     3 ||    41
       Tailslap          |     1 |     3 |       |       ||     4
       Dagger            |       |    19 |       |       ||    19
Throw: Dart              |       |     6 |    20 |     2 ||    28
 Cast: Magic Dart        |    59 |    99 |    64 |     6 ||   228
       Searing Ray       |       |    26 |    70 |    19 ||   115
       Dazzling Flash    |       |       |     2 |       ||     2
       Iskenderun's Myst |       |       |     2 |     1 ||     3
  Use: Potion            |       |     3 |     1 |     2 ||     6
       Scroll            |       |    10 |     3 |       ||    13
Armor: Skin              |     8 |    20 |    15 |     1 ||    44
Dodge: Dodged            |    24 |    37 |    47 |    20 ||   128
